 Dungeon Crawl Stone Soup version 0.22-a0-305-gd21a89c (webtiles) character file.

164 Auros the Ruffian (level 5, -2/46 HPs)
             Began as a Ghoul Monk on Mar 29, 2018.
             Slain by Grinder (6 damage)
             ... on level 3 of the Dungeon.
             The game lasted 00:09:39 (1822 turns).

Auros the Ruffian (Ghoul Monk)                      Turns: 1822, Time: 00:09:39

Health: -2/46      AC:  3    Str: 16    XL:     5   Next: 45%
Magic:  4/4        EV: 12    Int:  5    God:
Gold:   161        SH:  0    Dex: 11    Spells: 4/4 levels left

rFire    . . .     SeeInvis .     - Unarmed
rCold    + . .     Gourm    .   (no shield)
rNeg     + + +     Faith    .   d - +0 leather armour
rPois    ∞         Spirit   .   (no helmet)
rElec    .         Reflect  .   (no cloak)
rCorr    .         Harm     .   (no gloves)
MR       .....                  (no boots)
Stlth    ++........             (no amulet)
HPRegen  0.00/turn              (no ring)
MPRegen  0.09/turn              (no ring)

@: rotting
A: rotting body, claws 1, carnivore, cold resistance 1, negative energy
resistance 3, inhibited regeneration, torment resistance, unbreathing
a: no special abilities


You were on level 3 of the Dungeon.
You were not hungry.

You visited 1 branch of the dungeon, and saw 3 of its levels.

You collected 161 gold pieces.

Inventory:

Hand Weapons
 b - a +0 hunting sling
 u - a +0 blowgun
Missiles
 g - 77 arrows
 i - 215 stones (quivered)
 l - 31 bolts
 t - 2 curare-tipped needles
Armour
 a - a +0 robe
 d - a +0 leather armour (worn)
 k - a +0 robe
Scrolls
 c - a scroll of enchant weapon {unknown}
 f - a scroll of enchant armour {unknown}
 m - a scroll of remove curse
 p - a scroll of teleportation
 q - a scroll of immolation {unknown}
 v - a scroll of magic mapping {unknown}
Potions
 e - a potion of heal wounds {unknown}
 h - 2 potions of curing
 j - a potion of lignification {unknown}
 n - 2 potions of magic
 r - a potion of ambrosia {unknown}
Comestibles
 o - 8 rations
 s - 3 chunks of flesh


   Skills:
 - Level 3.6 Fighting
 - Level 3.1 Dodging
 - Level 2.2 Stealth
 + Level 6.0 Unarmed Combat


You had 4 spell levels left.
You didn't know any spells.

Dungeon Overview and Level Annotations

Branches:
Dungeon (3/15)

Altars:
Ashenzari

Annotations:
D:3 Grinder


Innate Abilities, Weirdness & Mutations

Your body is rotting away.
You thrive on raw meat.
You are immune to poison.
You have sharp fingernails.
You are carnivorous and can eat meat at any time.
Your flesh is cold resistant. (rC+)
You are immune to negative energy. (rN+++)
You do not regenerate when monsters are visible.
You are immune to unholy pain and torment.
You can survive without breathing.


Message History

Grinder says, "Wait up."
Grinder closely misses you. The rat bites you but does no damage.
The rat bites you.
* * * LOW HITPOINT WARNING * * *
You barely miss Grinder.
Grinder is severely wounded.
Grinder says, "Are you a fish?" Grinder hits you.
* * * LOW HITPOINT WARNING * * *
The rat bites you.
* * * LOW HITPOINT WARNING * * *
The rat closely misses you.
You see here 15 gold pieces.
You barely miss Grinder.
Grinder is severely wounded.
Grinder barely misses you.
You scratch Grinder.
Grinder is severely wounded.
Grinder hits you.
You die...

## ##.## ## ##
##...#... #.
.....# #!###r...#
######..@5r...#
........###.##...#
#######.# ... .
#######.#######
..<.......#
#######.#.# #.#.#
### #####.#.####
..# #............


You could see Grinder and 2 rats.

Vanquished Creatures
  A hound (D:3)
  6 adders
  A shadow imp (D:3)
  2 oozes (D:1)
  A worm (D:2)
  3 giant cockroaches
  13 goblins
  8 hobgoblins
  A quokka (D:3)
  6 bats
  6 frilled lizards
  7 kobolds
  9 rats
64 creatures vanquished.

Notes
Turn   | Place    | Note
-------+----------+-------------------------------------------
     0 | D:1      | Auros the Ghoul Monk began the quest for the Orb.
     0 | D:1      | Reached XP level 1. HP: 19/19 MP: 0/0
    97 | D:1      | Reached XP level 2. HP: 26/26 MP: 1/1
   291 | D:1      | Reached XP level 3. HP: 27/30 MP: 2/2
   415 | D:1      | Reached skill level 4 in Unarmed Combat
  1013 | D:2      | Reached XP level 4. HP: 27/40 MP: 3/3
  1204 | D:2      | Reached skill level 5 in Unarmed Combat
  1622 | D:3      | Found a shattered altar of Ashenzari.
  1632 | D:3      | Reached XP level 5. HP: 35/46 MP: 4/4
  1785 | D:3      | Reached skill level 6 in Unarmed Combat
  1803 | D:3      | Noticed Grinder
  1808 | D:3      | Paralysed by Grinder for 3 turns
  1822 | D:3      | Slain by Grinder

Vault maps used:
D:1:      dpeg_arrival_water_altar
D:3:      first_ration, kennysheep_nub, ashenzari_altar_1, uniq_grinder

Skill      XL: |  1  2  3  4  5 |
---------------+----------------+-----
Dodging        | 3 |  3.1
Unarmed Combat | 4 5 6 |  6.0
Fighting       | |  3.6
Stealth        | |  2.2

Action                   |  1- 3 |  4- 6 || total
-------------------------+-------+-------++-------
Melee: Unarmed           |   118 |   103 ||   221
 Fire: Hunting sling     |     4 |       ||     4
  Use: Potion            |     1 |     1 ||     2
       Scroll            |       |     2 ||     2
 Stab: Sleeping          |     4 |     3 ||     7
  Eat: Chunk             |     9 |     7 ||    16
Armor: Robe              |    11 |       ||    11
       Leather armour    |    10 |    47 ||    57
Dodge: Dodged            |    73 |    68 ||   141

Table legend:
 A = Spawn XP
 B = Non-spawn XP
 C = Spawn XP percentage of total XP
 D = Spawn monster count
 E = Non-spawn monster count
 F = Spawn count percentage of total count
 G = Total turns spent on level
                    A         B        C        D         E        F      G
               +---------+---------+-------+---------+---------+-------+---------
         Total |       0 |     235 |   0.0 |       0 |      64 |   0.0 |  1822
               +---------+---------+-------+---------+---------+-------+---------
           D:1 |       0 |      49 |   0.0 |       0 |      25 |   0.0 |   716
           D:2 |       0 |      72 |   0.0 |       0 |      23 |   0.0 |   792
           D:3 |       0 |     114 |   0.0 |       0 |      16 |   0.0 |   314
               +---------+---------+-------+---------+---------+-------+---------
